 Dungeon Crawl Stone Soup version 0.26-a0-682-g294304f6e8 (webtiles) character file.

Game seed: 255173372126714270

610 jiml777 the Magician (level 7, -2/37 HPs)
             Began as a Deep Elf Air Elementalist on Oct 21, 2020.
             Slain by a centaur (9 damage)
             ... on level 5 of the Dungeon.
             The game lasted 00:42:21 (5885 turns).

jiml777 the Magician (Deep Elf Air Elementalist)    Turns: 5885, Time: 00:42:22

Health: -2/37      AC:  2    Str:  5    XL:     7   Next: 20%
Magic:  14/17      EV: 13    Int: 22    God:
Gold:   213        SH:  0    Dex: 15    Spells: 8/17 levels left

rFire    . . .     SeeInvis .   g - +0 dagger
rCold    . . .     Faith    .   (no shield)
rNeg     . . .     Spirit   .   a - +0 robe
rPois    .         Reflect  .   (no helmet)
rElec    .         Harm     .   (no cloak)
rCorr    .         Rampage  .   (no gloves)
MR       .....                  (no boots)
Stlth    ++........             (no amulet)
HPRegen  0.12/turn              (no ring)
MPRegen  0.15/turn              (no ring)

@: hasted, very quick
A: no striking features
a: no special abilities


You were on level 5 of the Dungeon.
You visited 1 branch of the dungeon, and saw 5 of its levels.

You collected 213 gold pieces.

Inventory:

Hand Weapons
 g - a +0 dagger (weapon)
Missiles
 d - 197 stones
 h - 39 poisoned darts (quivered)
 l - 11 javelins
Armour
 a - a +0 robe (worn)
Scrolls
 b - a scroll of identify
 e - 2 scrolls of immolation
 f - 3 scrolls of remove curse
 i - a scroll of fear
Potions
 c - a potion of curing {unknown}
 j - a potion of haste
 k - a potion of flight {unknown}
 n - a potion of lignification {unknown}
 o - a potion of heal wounds {unknown}
 q - a potion of degeneration {unknown}


   Skills:
 + Level 0.8 Fighting
 + Level 2.6 Dodging
 + Level 3.6 Stealth
 + Level 5.8 Spellcasting
 + Level 3.4 Conjurations
 * Level 2.2 Transmutations
 * Level 1.6 Fire Magic
 + Level 4.7 Air Magic
 * Level 2.2 Poison Magic


You had 8 spell levels left.
You knew the following spells:

 Your Spells              Type           Power        Failure   Level
a - Shock                 Conj/Air       ###.         1%          1
b - Swiftness             Air            ####....     1%          2
c - Static Discharge      Conj/Air       ###.....     5%          3
d - Ignite Poison         Fire/Tmut/Pois ###.....     12%         3

Your spell library contained the following spells:

 Spells                   Type           Power        Failure   Level
 Airstrike                Air            ####......   13%         4
 Lightning Bolt           Conj/Air       ###.......   43%         5
 Fireball                 Conj/Fire      ###.......   65%         5
 Starburst                Conj/Fire      ###.......   99%         6
 Ignition                 Fire           ##........   100%        8


Dungeon Overview and Level Annotations

Branches:
Dungeon (5/15)
 Temple: D:4-7

Altars:
Dithmenos
Elyvilon
Fedhas
Uskayaw


Message History

Confirm with . or Enter, or press ? or * to list all spells.
Press: ? - help, Shift-Dir - straight line, f - worker ant, p - shadow imp
Aim: a worker ant (wandering, hasn't noticed you)
The zap hits the shadow imp.
You kill the shadow imp!
The zap hits the worker ant!
The worker ant is heavily wounded.
The centaur misses you.
Casting: Shock (safe; 1% risk of failure)
Confirm with . or Enter, or press ? or * to list all spells.
Press: ? - help, Shift-Dir - straight line, f - adder, p - worker ant
Aim: an adder The zap hits the centaur but does no damage.
The zap hits the adder.
The adder is lightly wounded.
The centaur hits you.
* * * LOW HITPOINT WARNING * * *
The centaur barely misses you.
You feel yourself speed up. The centaur hits you!
You die...

........#....#..###.#
...>............####.#
...........#.........###
...#.......#####........
.....#...#####..###....
.#..#...?##...## ...
#.........(### .
$.......(.# #..B...@..#
......c#### .......
..#.... ....... .##....
..... .$....


You could see a centaur and a worker ant.

Vanquished Creatures
  2 scorpions
  A howler monkey (D:4)
  A bullfrog zombie (D:5)
  A hound (D:4)
  An orc priest (D:4)
  An iguana (D:4)
  2 orc wizards (D:4)
  2 worker ants (D:4)
  6 gnolls
  5 adders
  A shadow imp (D:5)
  An ooze (D:1)
  6 worms
  4 dart slugs
  6 leopard geckos
  6 orcs (D:4)
  7 giant cockroaches
  8 goblins
  13 hobgoblins
  12 jackals
  4 kobolds
  2 quokkas
  2 ball pythons
  10 bats
  6 frilled lizards
  5 rats
115 creatures vanquished.

Notes
Turn   | Place    | Note
-------+----------+-------------------------------------------
     0 | D:1      | jiml777 the Deep Elf Air Elementalist began the quest for
                  | the Orb.
     0 | D:1      | Reached XP level 1. HP: 10/10 MP: 6/6
   206 | D:1      | Reached XP level 2. HP: 15/15 MP: 5/8
   682 | D:1      | Reached XP level 3. HP: 19/19 MP: 6/9
  1530 | D:2      | Reached XP level 4. HP: 24/24 MP: 3/11
  1535 | D:2      | Learned a level 2 spell: Swiftness
  1539 | D:2      | Learned a level 3 spell: Static Discharge
  1584 | D:2      | Reached skill level 4 in Spellcasting
  2625 | D:3      | Reached XP level 5. HP: 28/28 MP: 11/13
  3140 | D:3      | Learned a level 3 spell: Ignite Poison
  3342 | D:3      | Found a hide-covered altar of Uskayaw.
  3811 | D:4      | Reached skill level 1 in Transmutations
  3811 | D:4      | Reached skill level 1 in Poison Magic
  3945 | D:4      | Reached XP level 6. HP: 24/32 MP: 8/15
  4033 | D:4      | Reached skill level 5 in Spellcasting
  4693 | D:4      | Reached skill level 1 in Fire Magic
  4855 | D:4      | Learned a level 3 spell: Ignite Poison
  5158 | D:4      | Found a shadowy altar of Dithmenos.
  5162 | D:4      | Found a white marble altar of Elyvilon.
  5168 | D:4      | Reached XP level 7. HP: 25/37 MP: 12/17
  5371 | D:4      | Found a blossoming altar of Fedhas.
  5782 | D:5      | Entered Level 5 of the Dungeon
  5885 | D:5      | Slain by a centaur

Illustrated notes

Levels and vault maps discovered:
D:1:      minmay_arrival_up_and_down, layout_basic
D:2:      layout_loops_cross
D:3:      layout_loops_ring, lemuel_doored_altar
D:4:      cheibrodos_quashed, layout_basic, minitemple, supply_closet_lemuel
D:5:      layout_rooms, nicolae_ru_sacrificial_ziggurat

Skill      XL: |  1  2  3  4  5  6 |
---------------+-------------------+-----
Air Magic      | 4 |  4.7
Conjurations   | 2 3 |  3.4
Spellcasting   | 4 5 |  5.8
Stealth        | 3 |  3.6
Transmutations | 1 2 |  2.2
Poison Magic   | 1 2 |  2.2
Fire Magic     | 1 |  1.6
Fighting       | |  0.8
Dodging        | |  2.6

Action                   |  1- 3 |  4- 6 |  7- 9 || total
-------------------------+-------+-------+-------++-------
 Cast: Shock             |    69 |   163 |    24 ||   256
       Swiftness         |       |     1 |       ||     1
  Use: Scroll            |       |    10 |       ||    10
       Potion            |       |       |     1 ||     1
Armor: Robe              |     6 |     2 |       ||     8
Dodge: Dodged            |    18 |    39 |     9 ||    66

Table legend: (Time is in decaauts)
 A = Elapsed time spent in this place.
 B = Non-inter-level travel time spent in this place.
 C = Inter-level travel time spent in this place.
 D = Time resting spent in this place.
 E = Time spent auto-exploring this place.
 F = Levels seen in this place.
 G = Mean time per level.
                   A        B        C        D        E       F      G
               +--------+--------+--------+--------+--------+-----+--------+
         Total |   5896 |   5807 |     89 |   2451 |   2176 |   5 | 1179.2 |
       Dungeon |   5896 |   5807 |     89 |   2451 |   2176 |   5 | 1179.2 |
               +--------+--------+--------+--------+--------+-----+--------+

Top non-repeatable levels by time:
     D:4: 1714 daAuts
     D:1: 1491 daAuts
     D:3: 1462 daAuts
     D:2: 1125 daAuts
     D:5: 102 daAuts
